 Dungeon Crawl Stone Soup version 0.22.0 (webtiles) character file.

35963 MTVSty1e the Cleaver (level 13, -7/122 HPs)
             Began as a Minotaur Monk on Aug 10, 2018.
             Was the Champion of Okawaru.
             Mangled by a death yak (14 damage)
             ... on level 4 of the Lair of Beasts.
             The game lasted 00:28:18 (18611 turns).

MTVSty1e the Cleaver (Minotaur Monk)               Turns: 18611, Time: 00:28:18

Health: -7/122     AC: 17    Str: 16    XL:     13   Next: 50%
Magic:  15/17      EV: 16    Int: 11    God:    Okawaru [******]
Gold:   485        SH: 17    Dex: 17    Spells: 12/12 levels left

rFire    . . .     SeeInvis .   x - +8 trident "Widowmaker" {freeze, rN+ MR++ Str-5 Int+4}
rCold    . . .     Gourm    .   b - +0 shield
rNeg     + . .     Faith    .   d - +4 ring mail of Razub {-Cast MR+ rCorr Dex+4}
rPois    .         Spirit   .   n - +1 hat
rElec    .         Reflect  +   (no cloak)
rCorr    +         Harm     .   C - +0 pair of gloves
MR       +++..     NoCast   +   s - +1 pair of boots {Stlth+}
Stlth    ++++......             i - +3 amulet of reflection
HPRegen  0.30/turn              (no ring)
MPRegen  0.15/turn              (no ring)

@: heroism, studying Throwing
A: retaliatory headbutt, horns 2
a: Heroism, Finesse, Renounce Religion


You were on level 4 of the Lair of Beasts.
You worshipped Okawaru.
Okawaru was exalted by your worship.
You were not hungry.

You visited 3 branches of the dungeon, and saw 15 of its levels.
You also visited: Sewer.

You collected 717 gold pieces.
You spent 232 gold pieces at shops.

Inventory:

Hand Weapons
 f - a +4 broad axe of chopping
 g - the +0 scimitar "Wairaq" {vamp, *Drain rPois Dex+4}
   (You found it on level 4 of the Lair of Beasts)

   It inflicts no extra harm, but heals its wielder when it wounds a living foe.
   It affects your dexterity (+4).
   It protects you from poison.
   It causes draining when unequipped.
 x - the +8 trident "Widowmaker" (weapon) {freeze, rN+ MR++ Str-5 Int+4}
   (You found it on level 1 of the Lair of Beasts)

   It has been specially enchanted to freeze those struck by it, causing extra
   injury to most foes and up to half again as much damage against particularly
   susceptible opponents.
   It can also slow down cold-blooded creatures.
   It affects your strength (-5).
   It affects your intelligence (+4).
   It protects you from negative energy.
   It affects your resistance to hostile enchantments.
 B - a +0 executioner's axe
Armour
 a - the +7 chain mail of Bad Feelings {rN+ Int+4}
   (You found it on level 7 of the Dungeon)

   It affects your intelligence (+4).
   It protects you from negative energy.
 b - a +0 shield (worn)
 d - the +4 ring mail of Razub (worn) {-Cast MR+ rCorr Dex+4}
   (You found it on level 3 of the Lair of Beasts)

   It affects your dexterity (+4).
   It affects your resistance to hostile enchantments.
   It prevents spellcasting.
   It provides partial protection from all sources of acid and corrosion.
 n - a +1 hat (worn)
 s - a +1 pair of boots of stealth (worn)
 C - a +0 pair of gloves (worn)
Jewellery
 i - a +3 amulet of reflection (around neck)
 E - an uncursed amulet of the gourmand
Wands
 e - a wand of random effects (26)
 q - a wand of flame (62)
 v - a wand of polymorph (11)
 y - a wand of acid (6)
 z - a wand of paralysis (12)
Scrolls
 j - 6 scrolls of remove curse
 k - 3 scrolls of magic mapping
 r - 6 scrolls of teleportation
 t - a scroll of amnesia
 F - a scroll of enchant armour
 G - 2 scrolls of enchant weapon
 H - a scroll of identify
 K - a scroll of noise {unknown}
Potions
 h - 2 potions of flight
 l - 2 potions of invisibility
 m - 2 potions of haste
 o - 3 potions of magic
 p - a potion of berserk rage
 u - 3 potions of brilliance
 w - 4 potions of curing
 A - a potion of might {unknown}
 D - a potion of agility
 J - a potion of lignification {unknown}
Books
 I - a manual of Throwing
Comestibles
 c - 10 rations


   Skills:
 + Level 13.2(18.2) Fighting
 - Level 14.5(20.8) Axes
 * Level 11.3(19.3) Polearms
 + Level 10.1(15.1) Armour
 - Level 3.2(8.2) Dodging
 - Level 1.5(6.5) Stealth
 + Level 10.2(15.2) Shields
 * Level 7.0 Invocations


You had 12 spell levels left.
You didn't know any spells.
Your spell library contained the following spells:

 Spells                   Type           Power        Failure   Level  Hunger
 Magic Dart               Conj           #...         47%         1    ##.....
 Fireball                 Conj/Fire      #.........   100%        5    ######.
 Apportation              Tloc           #.....       47%         1    ##.....
 Conjure Flame            Conj/Fire      #.......     85%         3    ####...
 Slow                     Hex            #.......     63%         2    ###....
 Throw Flame              Conj/Fire      #.....       63%         2    ###....
 Mephitic Cloud           Conj/Pois/Air  #.......     85%         3    ####...
 Summon Small Mammal      Summ           #...         47%         1    ##.....
 Blink                    Tloc           N/A          63%         2    ###....
 Animate Dead             Necr           N/A          99%         4    #####..
 Pain                     Necr           #...         47%         1    ##.....
 Animate Skeleton         Necr           N/A          47%         1    ##.....
 Vampiric Draining        Necr           #.........   85%         3    ####...
 Sticky Flame             Conj/Fire      #.......     99%         4    #####..
 Call Imp                 Summ           #.......     63%         2    ###....
 Regeneration             Chrm/Necr      #.........   85%         3    ####...
 Confusing Touch          Hex            #.....       47%         1    ##.....
 Flame Tongue             Conj/Fire      #....        47%         1    ##.....
 Inner Flame              Hex/Fire       #.......     85%         3    ####...


Dungeon Overview and Level Annotations

Branches:
Dungeon (9/15)             Temple (1/1) D:4            Lair (5/6) D:8
  Swamp (0/4) Lair:4        Snake (0/4) Lair:3
  Slime: Lair:5-6       Orc: D:9-12

Altars:
Cheibriados
Dithmenos
Elyvilon
Fedhas
Gozag
Hepliaklqana
Kikubaaqudgha
Makhleb
Nemelex Xobeh
Okawaru
Qazlal
Sif Muna
Trog
Uskayaw
Vehumet
Wu Jian
Xom
Yredelemnul
Zin
The Shining One

Shops:
D:8 [   D:9 [

Annotations:
D:7 4 runed doors
D:9 Erolcha
Lair:1 exclusion: oklob plant
Lair:2 2 runed doors, HiJackal's ghost, journeyman GnWz
Lair:4 exclusion: oklob plant


Innate Abilities, Weirdness & Mutations

You reflexively headbutt those who attack you in melee.
You have a pair of horns on your head.


Message History

Your Invocations skill increases to level 7!
The death yak gores you!!
* * * LOW HITPOINT WARNING * * *
You hit the death yak. You freeze the death yak.
The death yak is lightly wounded.
You puncture the death yak! You freeze the death yak.
You headbutt the death yak.
The death yak is moderately wounded.
You block the death yak's attack.
You puncture the death yak! You freeze the death yak.
You headbutt the death yak, but do no damage.
The death yak is heavily wounded.
You block the death yak's attack.
You impale the death yak!! You freeze the death yak!
The death yak is almost dead.
You hit the death yak but do no damage.
You headbutt the death yak, but do no damage.
The death yak is almost dead.
The death yak gores you!
You die...

...(....P..........P.............
........#..........#P...♣..♣.....
........#..........##.....♣≈.....
....................#.P..≈.♣≈....
........#...........P..P≈♣≈≈≈≈P.P
.......................≈≈≈≈≈≈≈..♣
.#............##.#...P.♣≈≈♣≈≈....
##..........##....#....P≈♣≈♣..P..
§#§.....#.#.###.@.#..........P..#
§...#...P...# #.Y.#.......##....#
§§.##.......###.....P.....##...##
.#.#...........#...#.......#..###
.#..#..........#...#..#.#.#...#..
........<......##...#.#.##..8....
...P#...........#...#####.....#..
........†.......##...###.......##
......#.†........##..†.....##..##


You could see a death yak.

Vanquished Creatures
  2 entropy weavers
  3 hydras
  8 death yaks
  A queen ant (Lair:4)
  6 elephants (Lair:5)
  5 black mambas
  2 spiny frogs
  A rime drake (Lair:5)
  4 komodo dragons
  A troll (D:9)
  A queen bee (D:8)
  9 hippogriffs
  8 dream sheep (Lair:4)
  4 blink frogs
  A spriggan (Lair:1)
  33 yaks
  3 basilisks
  A hungry ghost (D:8)
  4 wyverns
  4 nagas (Lair:3)
  27 soldier ants
  7 water moccasins
  6 porcupines
  2 orc warriors
  Purgy (Sewer)
  2 ice beasts
  2 phantoms
  9 wolves
  2 centaurs (D:8)
  13 crocodiles
  15 bullfrogs
  A wyvern skeleton (D:7)
  A scorpion (D:8)
  24 killer bees
  2 howler monkeys (D:8)
  A crimson imp (D:7)
  A bullfrog zombie (D:7)
  A centaur zombie (D:7)
  2 jellies
  2 bullfrog skeletons
  3 hounds
  3 orc priests
  4 iguanas
  5 orc wizards
  22 worker ants
  A worker ant zombie (D:6)
  9 adders
  4 gnolls (D:7)
  An adder zombie (D:7)
  2 worms
  3 dart slugs
  10 leopard geckos
  27 orcs
  6 giant cockroaches
  11 goblins
  3 hobgoblins
  11 jackals
  6 kobolds
  3 quokkas
  11 bats
  3 frilled lizards
  A jackal zombie (D:7)
  A leopard gecko zombie (D:8)
  8 rats
380 creatures vanquished.

Vanquished Creatures (others)
  Sonja (Lair:2)
  5 fungi
  4 plants
10 creatures vanquished.

Grand Total: 390 creatures vanquished

Notes
Turn   | Place    | Note
-------+----------+-------------------------------------------
     0 | D:1      | MTVSty1e the Minotaur Monk began the quest for the Orb.
     0 | D:1      | Reached XP level 1. HP: 19/19 MP: 0/0
    67 | D:1      | Reached skill level 4 in Axes
    74 | D:1      | Reached XP level 2. HP: 26/26 MP: 1/1
   586 | D:1      | Reached XP level 3. HP: 32/33 MP: 2/2
   690 | D:2      | Reached skill level 5 in Axes
  1112 | D:2      | Reached XP level 4. HP: 26/40 MP: 3/3
  1879 | D:3      | Found a glowing drain.
  1894 | Sewer    | Entered a sewer
  1933 | Sewer    | Noticed Purgy
  1955 | Sewer    | Killed Purgy
  1955 | Sewer    | Reached skill level 5 in Fighting
  1955 | Sewer    | Reached skill level 6 in Axes
  1955 | Sewer    | Reached XP level 5. HP: 28/48 MP: 4/4
  2641 | D:3      | Reached skill level 7 in Axes
  3281 | D:4      | Reached XP level 6. HP: 51/56 MP: 5/5
  3319 | D:4      | Found a bloodstained altar of Trog.
  3720 | D:4      | Reached skill level 8 in Axes
  3867 | D:4      | Reached XP level 7. HP: 31/63 MP: 6/6
  4158 | D:4      | Found a staircase to the Ecumenical Temple.
  4171 | Temple   | Entered the Ecumenical Temple
  4370 | D:4      | Found a hazy altar of Hepliaklqana.
  4524 | D:4      | Reached skill level 9 in Axes
  5131 | D:5      | Entered Level 5 of the Dungeon
  6091 | D:6      | Reached XP level 8. HP: 64/73 MP: 7/7
  6150 | D:6      | Reached skill level 10 in Axes
  7244 | D:7      | Reached skill level 11 in Axes
  7577 | D:7      | Found a white marble altar of Elyvilon.
  7703 | D:7      | Found a huge runed gate.
  7703 | D:7      | Noticed a polar bear
  7710 | D:7      | Noticed a death yak
  7713 | D:7      | Found a huge runed gate.
  7714 | D:7      | Found a huge runed gate.
  7714 | D:7      | Noticed a hippogriff
  7714 | D:7      | Noticed a polar bear
  7715 | D:7      | Found a huge runed gate.
  7715 | D:7      | Noticed a polar bear
  7715 | D:7      | Noticed a hippogriff
  7913 | D:7      | Noticed a hippogriff
  7919 | D:7      | Killed a hippogriff
  7919 | D:7      | Reached XP level 9. HP: 72/82 MP: 8/8
  8015 | D:7      | Reached skill level 12 in Axes
  8449 | D:7      | Reached skill level 1 in Armour
  8449 | D:7      | Reached skill level 1 in Shields
  8733 | D:7      | Got a blackened chain mail
  8734 | D:7      | Identified the +7 chain mail of Bad Feelings {rN+ Int+4} (You found it on level 7 of the Dungeon)
  8986 | D:8      | Found Fobu's Armour Shoppe.
  9111 | D:8      | Bought a +0 pair of boots for 67 gold pieces
  9111 | D:8      | Bought a +1 hat for 165 gold pieces
  9156 | D:8      | Found an ancient bone altar of Kikubaaqudgha.
  9168 | D:8      | Reached skill level 13 in Axes
  9270 | D:8      | Found a staircase to the Lair.
  9394 | D:8      | Noticed a queen bee
  9403 | D:8      | Killed a queen bee
  9403 | D:8      | Reached XP level 10. HP: 66/93 MP: 9/9
  9406 | D:8      | Reached skill level 10 in Fighting
  9994 | D:8      | Found an iron altar of Okawaru.
 10003 | D:8      | Became a worshipper of Warmaster Okawaru
 10003 | D:8      | Reached * piety under Okawaru
 10003 | D:8      | Reached ** piety under Okawaru
 10232 | D:9      | Found Boligrin's Armour Emporium.
 10259 | D:9      | Noticed Erolcha
 10478 | Lair:1   | Entered Level 1 of the Lair of Beasts
 10494 | D:8      | Reached skill level 5 in Armour
 10494 | D:8      | Reached skill level 5 in Shields
 10497 | D:8      | Reached skill level 14 in Axes
 10869 | D:8      | Reached *** piety under Okawaru
 11230 | Lair:1   | Got a twisted trident
 11232 | Lair:1   | Identified the +8 trident "Widowmaker" {freeze, rN+ MR++ Str-5 Int+4} (You found it on level 1 of the Lair of Beasts)
 11384 | Lair:1   | Noticed a four-headed hydra
 11395 | Lair:1   | Killed a four-headed hydra
 11395 | Lair:1   | Reached XP level 11. HP: 83/101 MP: 10/10
 11644 | Lair:1   | Found a blossoming altar of Fedhas.
 11658 | Lair:1   | Noticed an oklob plant
 12060 | Lair:2   | Found a large runed door.
 12060 | Lair:2   | Found a large runed door.
 12062 | Lair:2   | Noticed HiJackal's ghost (journeyman GnWz)
 12417 | Lair:2   | Reached **** piety under Okawaru
 12672 | Lair:2   | Noticed Sonja
 12686 | Lair:2   | Killed Sonja
 12862 | Lair:1   | Reached skill level 5 in Polearms
 13428 | Lair:3   | Noticed a seven-headed hydra
 13435 | Lair:3   | Killed a seven-headed hydra
 13435 | Lair:3   | Reached ***** piety under Okawaru
 13435 | Lair:3   | Received a gift from Okawaru
 13640 | Lair:3   | Identified the +3 falchion of the Skies Above {elec, *Drain +Blink rElec Str+6} (You found it on level 3 of the Lair of Beasts)
 13683 | Lair:3   | Found a snail-covered altar of Cheibriados.
 13809 | Lair:3   | Identified the +4 ring mail of Razub {-Cast MR+ rCorr Dex+4} (You found it on level 3 of the Lair of Beasts)
 13863 | Lair:3   | Found a staircase to the Snake Pit.
 14047 | Lair:3   | Noticed an eight-headed hydra
 14053 | Lair:3   | Killed an eight-headed hydra
 14056 | Lair:3   | Reached XP level 12. HP: 103/112 MP: 11/11
 14453 | Lair:4   | Noticed a death yak
 14461 | Lair:4   | Killed a death yak
 14461 | Lair:4   | Reached skill level 1 in Invocations
 14476 | Lair:4   | Noticed a death yak
 14476 | Lair:4   | Noticed a death yak
 14476 | Lair:4   | Noticed a death yak
 14477 | Lair:4   | Noticed a death yak
 14492 | Lair:4   | Killed a death yak
 14500 | Lair:4   | Killed a death yak
 14506 | Lair:4   | Killed a death yak
 14514 | Lair:4   | Killed a death yak
 14816 | Lair:4   | Found a staircase to the Swamp.
 15497 | Lair:4   | Received a gift from Okawaru
 15498 | Lair:4   | Noticed a queen ant
 15570 | Lair:4   | Noticed an entropy weaver
 15843 | Lair:3   | Killed an entropy weaver
 15843 | Lair:3   | Reached ****** piety under Okawaru
 15843 | Lair:3   | Received a gift from Okawaru
 15963 | Lair:4   | Reached skill level 10 in Polearms
 15974 | Lair:4   | Killed a queen ant
 15974 | Lair:4   | Reached skill level 5 in Invocations
 16251 | Lair:4   | Received a gift from Okawaru
 16317 | Lair:4   | Noticed an entropy weaver
 16339 | Lair:4   | Killed an entropy weaver
 16339 | Lair:4   | Reached XP level 13. HP: 42/119 MP: 13/16
 16521 | Lair:4   | Got a bone scimitar
 16522 | Lair:4   | Identified the +0 scimitar "Wairaq" {vamp, *Drain rPois Dex+4} (You found it on level 4 of the Lair of Beasts)
 18060 | Lair:5   | Received a gift from Okawaru
 18093 | Lair:5   | Reached skill level 10 in Shields
 18104 | Lair:5   | Reached skill level 10 in Armour
 18606 | Lair:4   | HP: 6/122 [death yak (19)]
 18611 | Lair:4   | Mangled by a death yak

Skill      XL: |  1  2  3  4  5  6  7  8  9 10 11 12 13 |
---------------+----------------------------------------+-----
Axes           | 4 5 6 7 8 9 11 13 14 | 14.5
Fighting       | 4 5 6 7 8 9 10 12 13 | 13.2
Armour         | 3 6 8 9 10 | 10.1
Shields        | 3 6 8 9 10 | 10.2
Polearms       | 2 7 10 11 | 11.3
Invocations    | 5 7 |  7.0
Dodging        | |  3.2
Stealth        | |  1.5

Action                   |  1- 3 |  4- 6 |  7- 9 | 10-12 | 13-15 || total
-------------------------+-------+-------+-------+-------+-------++-------
Melee: Hand axe          |    89 |   128 |       |       |       ||   217
       Headbutt          |     9 |    32 |    48 |   130 |    47 ||   266
       War axe           |       |    12 |   281 |   134 |       ||   427
       Trident           |       |       |       |   532 |   199 ||   731
       Broad axe         |       |       |       |       |     2 ||     2
Invok: Heroism           |       |       |       |     8 |     4 ||    12
       Finesse           |       |       |       |       |     1 ||     1
  Use: Potion            |       |     6 |     4 |     2 |       ||    12
       Scroll            |       |     4 |    13 |     9 |     2 ||    28
 Stab: Sleeping          |     4 |    10 |       |     3 |     1 ||    18
       Distracted        |     1 |       |       |     1 |       ||     2
  Eat: Chunk             |     1 |     5 |     3 |       |     1 ||    10
       Ration            |       |     1 |     5 |     6 |     2 ||    14
Armor: Robe              |    14 |    17 |       |       |       ||    31
       Ring mail         |       |    13 |     7 |    69 |    33 ||   122
       Chain mail        |       |       |   151 |   148 |       ||   299
       Plate armour      |       |       |    12 |       |       ||    12
Dodge: Dodged            |    62 |   110 |    92 |   152 |    45 ||   461
Block: Buckler           |       |    16 |    18 |       |       ||    34
       Shield            |       |       |    74 |   367 |   103 ||   544
       Reflection        |       |       |       |     6 |       ||     6
